 Dungeon Crawl Stone Soup version 0.29-a0-397-g846e4a0bbc (webtiles) character file.

Game seed: 16368394574665522077

222 zeratav the Digger (level 5, 0/31 HPs)
             Began as an Octopode Earth Elementalist on May 11, 2022.
             Slain by an ice beast (2 damage)
             ... on level 4 of the Dungeon on May 12, 2022.
             The game lasted 00:08:37 (3420 turns).

zeratav the Digger (Octopode Earth Elementalist)    Turns: 3420, Time: 00:08:38

Health: 0/31       AC:  1    Str:  7    XL:     5   Next: 99%
Magic:  2/11       EV: 12    Int: 20    God:
Gold:   198        SH:  3    Dex: 12    Spells: 8/12 levels left

rFire   x . .      SeeInvis .   f - +0 club {mace}
rCold   + . .      Faith    .   e - +0 buckler
rNeg    . . .      Spirit   .   (helmet restricted)
rPois   .          Reflect  .   s - amulet of regeneration {@e2}
rElec   .          Harm     .   d - ring of wizardry
rCorr   .          Rampage  .   g - ring of ice
Will    .....                   (no ring)
Stlth   +++.......              (no ring)
HPRegen 0.10/turn               (no ring)
MPRegen 0.12/turn               (no ring)
                                (no ring)
                                (no ring)

@: no status effects
A: almost no armour, amphibious, 8 rings, camouflage 1, gelatinous body 1,
(nimble swimmer 1), tentacles
a: no special abilities


You were on level 4 of the Dungeon.
You visited 1 branch of the dungeon, and saw 4 of its levels.

You collected 198 gold pieces.


Innate Abilities, Weirdness & Mutations

You cannot wear most types of armour.
You are amphibious.
You can wear up to eight rings at the same time.
Your skin changes colour to match your surroundings (Stealth+).
Your rubbery body absorbs attacks. (AC +1, EV +1)
((You are camouflaged when in or above water. (Stealth+)))
You have tentacles for arms and can constrict up to eight enemies at once.


   Skills:
 - Level 2.0 Dodging
 - Level 2.6 Stealth
 * Level 4.1 Spellcasting
 - Level 1.0 Transmutations
 * Level 5.0 Earth Magic


You had 8 spell levels left.
You knew the following spells:

 Your Spells              Type           Power      Damage    Failure   Level
a - Sandblast             Erth           48%        2d12      1%          1
b - Stone Arrow           Conj/Erth      28%        3d8       8%          3

Your spell library contained the following spells:

 Spells                   Type           Power      Damage    Failure   Level
 Passwall                 Tmut/Erth      13%        N/A       3%          2
 Beastly Appendage        Tmut           16%        N/A       4%          1
 Freeze                   Ice            24%        1d5       7%          1
 Shock                    Conj/Air       16%        1d4       7%          1
 Wereblood                Tmut           8%         N/A       7%          2
 Spider Form              Tmut/Pois      6%         N/A       16%         3
 Ignite Poison            Fire/Tmut/Pois 5%         N/A       17%         3
 Conjure Flame            Conj/Fire      4%         6-21      21%         3
 Frozen Ramparts          Ice            12%        1d3       21%         3
 Swiftness                Air            4%         N/A       21%         3
 Petrify                  Tmut/Erth      16%        N/A       21%         4
 Airstrike                Air            2%         N/A       52%         4
 Hailstorm                Conj/Ice       6%         3d4       52%         4
 Sticky Flame             Conj/Fire      4%         2d3       52%         4

Inventory:

Hand Weapons
 f - a +0 club (weapon) {mace}
   (You found it on level 1 of the Dungeon)
Missiles
 a - 69 stones {throwing}
Armour
 e - a +0 buckler (worn)
   (You found it on level 1 of the Dungeon)
 t - an orb of light
   (You found it on level 3 of the Dungeon)
Magical Staves
 n - a staff of fire {staff}
   (You found it on level 2 of the Dungeon)
Jewellery
 d - a ring of wizardry (left tentacle)
   (You found it on level 1 of the Dungeon)
 g - a ring of ice (right tentacle)
   (You found it on level 1 of the Dungeon)
 s - an amulet of regeneration (around mantle) {@e2}
   (You found it on level 2 of the Dungeon)
Wands
 m - a wand of flame (17)
   (You found it on level 2 of the Dungeon)
Scrolls
 i - a scroll of magic mapping {unknown}
 l - a scroll of vulnerability {unknown}
 o - a scroll of enchant armour {unknown}
 p - 3 scrolls of identify {unknown}
Potions
 b - a potion of magic
 c - a potion of degeneration {unknown}
 h - 2 potions of flight {unknown}
 j - a potion of brilliance {unknown}
 k - a potion of attraction {unknown}
 q - 2 potions of cancellation {unknown}
 r - 4 potions of curing {unknown}
 u - a potion of mutation {unknown}

Dungeon Overview and Level Annotations

Branches:
Dungeon (4/15)
 Temple: D:4-7

Altars:
The Shining One

Shops:
D:3

?
##........†....#.#########.#
#.......♣......#.# #.#
#..............#.# #..
#.####.....#####+## #..
#.##..#...#'.## ..## ##.
#.#...#...#...# ...## ###
#.#>.##...##.>#.....# ##.#
#.####....#####......####...
#..........@Y........+......
#####...####....(....####...
####..# ##.......##......
#.....# ##.....###.#####
#.##### #...## # # #.# #....
. #.# ..### .# #.# .# .# #.#
.# . .


You could see an ice beast.


Message History

Casting: Stone Arrow (quite dangerous; 9% risk of failure)
Confirm with . or Enter, or press ? or * to list all spells.
Okay, then.
Casting: Stone Arrow (quite dangerous; 9% risk of failure)
Confirm with . or Enter, or press ? or * to list all spells.
The spell is quite dangerous to miscast (9% risk of failure)!
Continue anyway?
Aiming: Stone Arrow (quite dangerous; 9% risk of failure)
Press: ? - help, Shift-Dir - straight line, f/p - phantom
Aim: a phantom (moderately damaged, 56% to hit)
The stone arrow hits the phantom!
MP[-3]
You lost 3 mp, and now have 4/10 mp.
Casting: Stone Arrow (quite dangerous; 9% risk of failure)
Confirm with . or Enter, or press ? or * to list all spells.
The spell is quite dangerous to miscast (9% risk of failure)!
Continue anyway?
Aiming: Stone Arrow (quite dangerous; 9% risk of failure)
Press: ? - help, Shift-Dir - straight line, f/p - phantom
Aim: a phantom (almost destroyed, 56% to hit)
The stone arrow hits the phantom!!
You destroy the phantom!
Your Spellcasting skill increases to level 4!
Your Earth Magic skill increases to level 5!
MP[-3]
You lost 3 mp, and now have 1/11 mp.
You start resting.
MP[+10]
Your mp is fully restored (11).
You now have 181 gold pieces (gained 17).
You now have 198 gold pieces (gained 17).
You see here an adder corpse.
You open the door.
Found an escape hatch in the floor.
There is an open door here.
There is an open door here.
You open the door.
An ice beast comes into view.
There is an open door here.
Casting: Stone Arrow (quite dangerous; 8% risk of failure)
Confirm with . or Enter, or press ? or * to list all spells.
Okay, then.
Casting: Stone Arrow (quite dangerous; 8% risk of failure)
Confirm with . or Enter, or press ? or * to list all spells.
You can't see any susceptible monsters within range! (Use Z to cast anyway.) Unknown command.
Okay, then.
Casting: Stone Arrow (quite dangerous; 8% risk of failure)
Confirm with . or Enter, or press ? or * to list all spells.
You can't see any susceptible monsters within range! (Use Z to cast anyway.)
There is an open door here.
You start putting on your amulet.
You continue putting on your amulet of regeneration {@e2}. x5
The ice beast hits you. The ice beast freezes you. You resist.
You finish putting on your amulet of regeneration {@e2}.
The amulet cannot attune itself to your injured body.
s - an amulet of regeneration (around mantle) {@e2} HP[-7]
You take 7 damage, and now have 24/31 hp.
MASSIVE DAMAGE!! (PAUSE)
Casting: Stone Arrow (quite dangerous; 8% risk of failure)
Confirm with . or Enter, or press ? or * to list all spells.
The spell is quite dangerous to miscast (8% risk of failure)!
Continue anyway?
Aiming: Stone Arrow (quite dangerous; 8% risk of failure)
Press: ? - help, Shift-Dir - straight line, f - ice beast
Aim: an ice beast (68% to hit)
The stone arrow misses the ice beast.
The ice beast barely misses you.
HP[+1] MP[-3]
You lost 3 mp, and now have 8/11 mp.
Casting: Stone Arrow (quite dangerous; 8% risk of failure)
Confirm with . or Enter, or press ? or * to list all spells.
The spell is quite dangerous to miscast (8% risk of failure)!
Continue anyway?
Aiming: Stone Arrow (quite dangerous; 8% risk of failure)
Press: ? - help, Shift-Dir - straight line, f/p - ice beast
Aim: an ice beast (68% to hit)
The stone arrow hits the ice beast!
The ice beast hits you. The ice beast freezes you! You resist.
* * * LOW HITPOINT WARNING * * *
HP[-12] MP[-3]
You take 12 damage, and now have 13/31 hp.
MASSIVE DAMAGE!! (PAUSE)
You lost 3 mp, and now have 5/11 mp.
Casting: Stone Arrow (quite dangerous; 8% risk of failure)
Confirm with . or Enter, or press ? or * to list all spells.
The spell is quite dangerous to miscast (8% risk of failure)!
Continue anyway?
Aiming: Stone Arrow (quite dangerous; 8% risk of failure)
Press: ? - help, Shift-Dir - straight line, f/p - ice beast
Aim: an ice beast (moderately wounded, 68% to hit)
The stone arrow misses the ice beast.
The ice beast hits you.
* * * LOW HITPOINT WARNING * * *
The ice beast freezes you. You resist.
* * * LOW HITPOINT WARNING * * *
HP[-11] MP[-3]
You take 11 damage, and now have 2/31 hp.
MASSIVE DAMAGE!! (PAUSE)
You lost 3 mp, and now have 2/11 mp.
Aiming: Throw Flame
Press: ? - help, Q - select action, (/) - cycle Shift-Dir - straight line, f/p - ice beast
Aim: an ice beast (moderately wounded, 68% to hit)
The puff of flame misses the ice beast.
The ice beast hits you.
You die...

Skill      XL: |  1  2  3  4  5 |
---------------+----------------+-----
Spellcasting   | 3 4 |  4.1
Earth Magic    | 4 5 |  5.0
Dodging        | |  2.0
Stealth        | |  2.6
Transmutations | |  1.0

Action                   |  1- 3 |  4- 6 || total
-------------------------+-------+-------++-------
Melee: Club              |    52 |     7 ||    59
       Tentacles         |    12 |       ||    12
       Constrict         |    10 |       ||    10
 Cast: Sandblast         |     8 |    33 ||    41
       Stone Arrow       |     2 |    11 ||    13
Evoke: Wand              |       |     1 ||     1
 Stab: Sleeping          |     6 |       ||     6
Armor: Skin              |    11 |     1 ||    12
Dodge: Dodged            |    40 |     8 ||    48

Levels and vault maps discovered:
D:1:      dpeg_arrival_stone_temple_mockup, layout_basic,
          ebering_ecumenical_altar_petrified, serial_bayou_lake_a
D:2:      layout_rooms, basic_altar
D:3:      layout_loops_ring, serial_shops, nicolae_square_shop,
          minmay_misc_feat_square, palyth_stone_intersect
D:4:      layout_loops_corners, nicolae_ru_the_path_less_chosen,
          kennysheep_pointless_box, grunt_ministairs_6

Notes
Turn   | Place    | Note
-------+----------+-------------------------------------------
     0 | D:1      | zeratav the Octopode Earth Elementalist began the quest for
                  | the Orb.
     0 | D:1      | Reached XP level 1. HP: 11/11 MP: 3/3
     0 | D:1      | magus.rc [v1.9.6]
    77 | D:1      | You add the spells Conjure Flame, Ignite Poison and Sticky
                  | Flame to your library.
    81 | D:1      | You pick up a book of Frost and begin reading...
    81 | D:1      | You add the spells Freeze, Frozen Ramparts and Hailstorm to
                  | your library.
   127 | D:1      | Reached XP level 2. HP: 9/17 MP: 5/5
   798 | D:1      | Reached XP level 3. HP: 20/21 MP: 6/6
   828 | D:1      | Found a faded altar of an unknown god.
  1522 | D:2      | Noticed a necrophage
  1546 | D:2      | Learned a level 3 spell: Stone Arrow
  1553 | D:2      | Killed a necrophage
  1554 | D:2      | Reached skill level 3 in Spellcasting
  1554 | D:2      | Reached skill level 4 in Earth Magic
  1554 | D:2      | Reached XP level 4. HP: 27/27 MP: 1/8
  1933 | D:2      | You pick up a book of Changes and begin reading...
  1933 | D:2      | You add the spells Beastly Appendage, Wereblood and Spider
                  | Form to your library.
  2087 | D:2      | Found a glowing golden altar of the Shining One.
  2345 | D:3      | Reached XP level 5. HP: 31/31 MP: 4/10
  2472 | D:3      | Found Zimo's Magic Scroll Shop.
  2770 | D:3      | You pick up a book of Air and begin reading...
  2770 | D:3      | You add the spells Shock, Swiftness and Airstrike to your
                  | library.
  3255 | D:4      | Noticed a phantom
  3260 | D:4      | Killed a phantom
  3261 | D:4      | Reached skill level 4 in Spellcasting
  3261 | D:4      | Reached skill level 5 in Earth Magic
  3407 | D:4      | Noticed an ice beast
  3419 | D:4      | HP: 2/31 [ice beast (6)]
  3420 | D:4      | Slain by an ice beast

Vanquished Creatures
  A phantom (D:4)
  A necrophage (D:2)
  2 adders
  2 worms (D:3)
  A dart slug (D:2)
  2 orcs (D:3)
  5 endoplasms
  4 giant cockroaches
  9 goblins
  10 hobgoblins
  4 kobolds
  4 quokkas
  4 ball pythons
  5 bats
  4 frilled lizards
  3 rats (D:1)
61 creatures vanquished.

Vanquished Creatures (others)
  2 plants (D:1)
  3 withered plants (D:1)
5 creatures vanquished.

Grand Total: 66 creatures vanquished

Table legend:
 A = Non-vault XP
 B = Vault XP
 C = Vault XP percentage of total XP
 D = Non-vault monster count
 E = Vault monster count
 F = Vault count percentage of total count
                 A         B        C        D         E       F
            +---------+---------+-------+---------+---------+-------
      Total |     202 |     116 |  36.5 |      59 |       2 |   3.3
            +---------+---------+-------+---------+---------+-------
        D:1 |      42 |       0 |   0.0 |      25 |       0 |   0.0
        D:2 |     111 |       0 |   0.0 |      17 |       0 |   0.0
        D:3 |      45 |       0 |   0.0 |      15 |       0 |   0.0
        D:4 |       4 |     116 |  96.7 |       2 |       2 |  50.0
            +---------+---------+-------+---------+---------+-------

Illustrated notes

Table legend:
 A = Kills in this place as a percentage of kills in entire the game.
 B = Kills by you in this place as a percentage of kills by you in the entire game.
 C = Kills by friends in this place as a percentage of kills by friends in the entire game.
 D = Other kills in this place as a percentage of other kills in the entire game.
 E = Experience gained in this place as a percentage of experience gained in the entire game.
 F = Experience gained in this place divided by the number of levels of this place that you have seen.
                   A       B       C       D       E      F
               +-------+-------+-------+-------+-------+----------------------
         Total | 100.0 | 100.0 |   N/A |   N/A | 100.0 |  79.5
       Dungeon | 100.0 | 100.0 |   N/A |   N/A | 100.0 |  79.5
               +-------+-------+-------+-------+-------+----------------------

Table legend: (Time is in decaauts)
 A = Elapsed time spent in this place.
 B = Non-inter-level travel time spent in this place.
 C = Inter-level travel time spent in this place.
 D = Time resting spent in this place.
 E = Time spent auto-exploring this place.
 F = Levels seen in this place.
 G = Mean time per level.
                   A        B        C        D        E       F      G
               +--------+--------+--------+--------+--------+-----+--------+
         Total |   3435 |   3318 |    117 |    688 |   2109 |   4 |  858.8 |
       Dungeon |   3435 |   3318 |    117 |    688 |   2109 |   4 |  858.8 |
               +--------+--------+--------+--------+--------+-----+--------+

Top non-repeatable levels by time:
     D:1: 1524 daAuts
     D:3: 792 daAuts
     D:2: 765 daAuts
     D:4: 353 daAuts
